 Dungeon Crawl Stone Soup version 0.31.0-32-g396128a36d (webtiles) character file.

Game seed: 6782368632572165871

65 PaiMei the Grave Robber (level 3, -1/26 HPs)
             Began as a Demonspawn Necromancer on Apr 6, 2024.
             Slain by a hobgoblin (5 damage)
             ... on level 3 of the Dungeon.
             The game lasted 00:02:47 (2593 turns).

PaiMei the Grave Robber (Demonspawn Necromancer)    Turns: 2593, Time: 00:02:48

Health: -1/26      AC:  2    Str:  8    XL:     3   Next: 94%
Magic:  0/6        EV: 12    Int: 17    God:
Gold:   64         SH:  0    Dex: 13    Spells: 3/7 levels left

rFire   . . .        l - +0 short sword
rCold   . . .        (no shield)
rNeg    . . .        a - +0 robe
rPois   .            (no helmet)
rElec   .            (no cloak)
rCorr   .            (no gloves)
SInv    .            (no boots)
Will    .....        (no amulet)
Stlth   ++           (no ring)
HPRegen 0.24/turn    (no ring)
MPRegen 0.10/turn

%: no passive effects
@: no status effects
A: hooves 1
a: no special abilities


You were on level 3 of the Dungeon.
You visited 1 branch of the dungeon, and saw 3 of its levels.

You collected 64 gold pieces.

Inventory:

Hand Weapons
 l - a +0 short sword (weapon)
Missiles
 c - 7 poisoned darts (quivered)
Armour
 a - a +0 robe (worn)
Jewellery
 n - a ring of resist corrosion
Scrolls
 d - a scroll of teleportation {unknown}
 f - a scroll of amnesia {unknown}
 m - a scroll of vulnerability {unknown}
Potions
 b - a potion of magic
 e - a potion of haste {unknown}
 g - a potion of berserk rage {unknown}
 h - a potion of heal wounds {unknown}
 i - 2 potions of lignification {unknown}
 j - a potion of ambrosia {unknown}
 k - a potion of enlightenment {unknown}
 o - a potion of curing {unknown}


   Skills:
 + Level 1.1 Fighting
 + Level 2.4 Dodging
 - Level 2.2 Stealth
 + Level 2.6 Spellcasting
 + Level 4.8 Necromancy


You had 3 spell levels left.
You knew the following spells:

 Your Spells              Type           Power      Damage    Failure   Level
a - Necrotise             Necr           72%        1d7       2%          1
b - Vampiric Draining     Necr           18%        2d7       8%          3

Your spell library contained the following spells:

 Spells                   Type           Power      Damage    Failure   Level
 Stone Arrow              Conj/Erth      4%         3d7       50%         3
 Animate Dead             Necr           18%        N/A       24%         4
 Curse of Agony           Necr           18%        N/A       56%         5
 Animate Armour           Summ/Erth      4%         N/A       88%         4
 Lehudib's Crystal Spear  Conj/Erth      1%         10d2      100%        8


Dungeon Overview and Level Annotations

Branches:
Dungeon (3/15)

Altars:

Shops:
D:2 (

Annotations:
D:2 1 runed translucent door, Crazy Yiuf


Innate Abilities, Weirdness & Mutations

You have large cloven feet.


Message History

You don't have enough magic to cast this spell.
Casting: Necrotise (safe; 2% risk of failure)
Confirm with . or Enter, or press ? or * to list all spells.
You don't have enough magic to cast this spell.
You hit the orc wizard.
The orc wizard is moderately wounded.
The orc wizard hits you with a +0 dagger.
You barely miss the orc wizard. You kick the orc wizard.
Your punch misses the orc wizard.
The orc wizard is heavily wounded.
Your orc skeleton barely misses the orc wizard.
The hobgoblin hits you.
* * * LOW HITPOINT WARNING * * *
The orc wizard casts a spell.
The orc wizard flickers and vanishes!
Deactivating autopickup; reactivate with Ctrl-A.
You barely miss something.
The hobgoblin hits you but does no damage.
Something hits you.
* * * LOW HITPOINT WARNING * * *
Casting: Necrotise (safe; 2% risk of failure)
Confirm with . or Enter, or press ? or * to list all spells.
Aiming: Necrotise (safe; 2% risk of failure)
Press: ? - help, Shift-Dir - straight line, f - hobgoblin
Aim: a hobgoblin (chance to affect: 88%)
The hobgoblin barely resists.
Your orc skeleton hits the hobgoblin but does no damage.
The hobgoblin completely misses you. Something hits you.
* * * LOW HITPOINT WARNING * * *
The hobgoblin attacks as it pursues you!
The hobgoblin misses you.
Your orc skeleton barely misses the hobgoblin.
Something hits your orc skeleton. Something hits your orc skeleton.
Your orc skeleton closely misses the hobgoblin.
Something hits your orc skeleton.
Your orc skeleton is destroyed!
The hobgoblin attacks as it pursues you!
The hobgoblin hits you.
You die...

#......... #.#######.
#.##...##. #####
#.#.....#. # ...#
#.#....... ##. #.######
#.#.....#. ##...
#.{....# #.##...##.
#.....###.####g#
#......... #....)...#
#@# #####....#
.......$### #.# ####.#
###.##### #.# #.# # #.#
#.# ###.### #.# #.....#
#.# #.###.# ###.# #.#
#.# ###.#รท#
####.###.########......


You could see a hobgoblin.

Vanquished Creatures
  A gnoll (D:1)
  A dart slug (D:3)
  2 ribbon worms
  2 orcs (D:3)
  10 endoplasms
  A giant cockroach (D:1)
  2 goblins
  2 hobgoblins (D:2)
  7 kobolds
  4 quokkas (D:1)
  3 ball pythons
  A frilled lizard (D:1)
  7 rats
43 creatures vanquished.

Vanquished Creatures (collateral kills)
  A frilled lizard (D:1)
1 creature vanquished.

Grand Total: 44 creatures vanquished

Notes
Turn   | Place    | Note
-------+----------+-------------------------------------------
     0 | D:1      | PaiMei the Demonspawn Necromancer began the quest for the
                  | Orb.
     0 | D:1      | Reached XP level 1. HP: 13/13 MP: 3/3
   292 | D:1      | Found a faded altar of an unknown god.
   311 | D:1      | Gained mutation: You have large cloven feet. [demonic
                  | ancestry]
   311 | D:1      | Reached XP level 2. HP: 10/19 MP: 0/5
   898 | D:2      | Found Paxity's Weapon Emporium.
   973 | D:1      | Reached XP level 3. HP: 10/25 MP: 0/6
  1138 | D:1      | Learned a level 3 spell: Vampiric Draining
  2163 | D:2      | Found a runed translucent door.
  2164 | D:2      | Noticed Crazy Yiuf
  2329 | D:3      | Reached skill level 1 in Fighting
  2593 | D:3      | Slain by a hobgoblin

Illustrated notes

Levels and vault maps discovered:
D:1:      nagdon_arrival_double_spiral, layout_basic, basic_ecumenical_altar,
          chequers_serial_rivers_small_b
D:2:      layout_basic, serial_shops, shop, uniq_crazy_yiuf_cottage
D:3:      layout_loops_corners, uniq_sigmund

Skill      XL: |  1  2  3 |
---------------+----------+-----
Stealth        | 2 |  2.2
Dodging        | 2 |  2.4
Fighting       | 1 |  1.1
Spellcasting   | |  2.6
Necromancy     | |  4.8

Action                     || total
---------------------------++-------
  Melee: Unarmed           ||     4
         Short sword       ||    25
         Kick              ||     2
   Cast: Necrotise         ||   102
 Armour: Robe              ||    35
  Dodge: Dodged            ||    48
